 Dungeon Crawl Stone Soup version 0.25.1-2-g60ff931df9 (webtiles) character file.

Game seed: 9260084270645005460

1670 pokeman the Thaumaturge (level 8, -2/44 HPs)
             Began as a Deep Elf Wizard on Nov 5, 2020.
             Was a Follower of Vehumet.
             Slain by a crimson imp (4 damage)
             ... on level 8 of the Dungeon.
             The game lasted 00:18:01 (6797 turns).

pokeman the Thaumaturge (Deep Elf Wizard)           Turns: 6797, Time: 00:18:02

Health: -2/44      AC: 10    Str:  4    XL:     8   Next: 69%
Magic:  7/23       EV: 11    Int: 26    God:    Vehumet [*.....]
Gold:   296        SH:  0    Dex: 13    Spells: 15/26 levels left

rFire    . . .     SeeInvis .   f - +4 dire flail
rCold    . . .     Gourm    .   (shield currently unavailable)
rNeg     . . .     Faith    .   n - +0 leather armour
rPois    .         Spirit   .   k - +2 hat
rElec    .         Reflect  .   (no cloak)
rCorr    .         Harm     .   (no gloves)
MR       .....                  h - +0 pair of boots
Stlth    ++........             (no amulet)
HPRegen  0.14/turn              p - ring of wizardry
MPRegen  0.18/turn              x - +4 ring of protection

@: no status effects
A: no striking features
a: Renounce Religion


You were on level 8 of the Dungeon.
You worshipped Vehumet.
Vehumet was aware of your devotion.
You were not hungry.

You visited 1 branch of the dungeon, and saw 8 of its levels.

You collected 296 gold pieces.

Inventory:

Hand Weapons
 f - a +4 dire flail (weapon)
Missiles
 t - 21 bolts
Armour
 h - a +0 pair of boots (worn)
 k - a +2 hat (worn)
 n - a +0 leather armour (worn)
 o - a +0 kite shield
Jewellery
 p - a ring of wizardry (left hand)
 x - a +4 ring of protection (right hand)
Wands
 r - a wand of polymorph (23)
Scrolls
 a - 2 scrolls of enchant armour {unknown}
 c - 3 scrolls of remove curse {unknown}
 e - 7 scrolls of identify {unknown}
 l - 3 scrolls of blinking {unknown}
 m - 3 scrolls of teleportation {unknown}
 q - a scroll of enchant weapon {unknown}
 s - a scroll of fear {unknown}
 u - a scroll of amnesia {unknown}
 w - a scroll of fog {unknown}
Potions
 b - a potion of ambrosia {unknown}
 g - 2 potions of flight {unknown}
 i - 3 potions of curing
 j - 4 potions of stabbing {unknown}
 v - a potion of cancellation {unknown}
Comestibles
 d - 16 rations
 z - 2 chunks of flesh


   Skills:
 - Level 2.0 Fighting
 + Level 1.4 Armour
 - Level 2.4 Dodging
 - Level 2.4 Stealth
 - Level 2.1 Shields
 * Level 9.6 Spellcasting
 * Level 6.9 Conjurations
 - Level 1.1 Summonings
 - Level 1.1 Translocations
 + Level 4.2 Fire Magic
 - Level 1.0 Air Magic
 - Level 1.1 Poison Magic


You had 15 spell levels left.
You knew the following spells:

 Your Spells              Type           Power        Failure   Level  Hunger
a - Magic Dart            Conj           ####         1%          1    None
b - Mephitic Cloud        Conj/Pois/Air  ####....     2%          3    None
c - Call Imp              Summ           ###.....     3%          2    None
d - Blink                 Tloc           N/A          3%          2    None
e - Conjure Flame         Conj/Fire      #####...     1%          3    None

Your spell library contained the following spells:

 Spells                   Type           Power        Failure   Level  Hunger
 Freeze                   Ice            ##..         3%          1    None
 Slow                     Hex            ##......     5%          2    None


Dungeon Overview and Level Annotations

Branches:
Dungeon (9/15)             Temple (0/1) D:5
   Lair: D:8-11         Orc: D:9-12

Altars:
Ashenzari
Cheibriados
Dithmenos
Elyvilon
Fedhas
Qazlal
Vehumet
Xom
Zin

Shops:
D:4 :   D:5 *   D:6 (


Message History

The crimson imp hits you.
* * * LOW HITPOINT WARNING * * *
Casting: Magic Dart (safe; 1% risk of failure)
Confirm with . or Enter, or press ? or * to list all spells.
Aiming: Magic Dart (safe; 1% risk of failure)
Press: ? - help, Shift-Dir - straight line, f/p - crimson imp
Aim: a crimson imp (heavily wounded)
The magic dart hits the crimson imp but does no damage.
The crimson imp is heavily wounded.
The crimson imp hits you.
* * * LOW HITPOINT WARNING * * *
Casting: Magic Dart (safe; 1% risk of failure)
Confirm with . or Enter, or press ? or * to list all spells.
A beastly little devil appears in a puff of flame.
The crimson imp hits you but does no damage.
Casting: Call Imp (safe; 3% risk of failure)
Confirm with . or Enter, or press ? or * to list all spells.
A beastly little devil appears in a puff of frigid air.
The crimson imp hits you.
You die...

#.># #5.#
.. #..# .#
#######..#
.#
..$.....○#
.#
########.#
.# #.# 5#
#5##.#
#.5@.#
######


You could see a crimson imp, a friendly crimson imp (summoned) and a friendly
white imp (summoned).

Vanquished Creatures
  The ghost of hellfireifrit the Skirmisher, an amateur DrBe of Trog (D:4)
  The ghost of Fractals the Sneak, an amateur KoEE (D:3)
  A sky beast (D:5)
  5 ogres
  A bullfrog (D:6)
  A scorpion (D:2)
  2 howler monkeys
  An electric eel (D:9)
  A centaur skeleton (D:4)
  3 jellies
  An orc wizard (D:5)
  An orc priest (D:6)
  3 hounds
  A bullfrog skeleton (D:5)
  Jessica (D:3)
  Natasha (thrice) (D:3)
  2 worker ants
  Ijyb (D:3)
  3 gnolls (D:5)
  A howler monkey skeleton (D:4)
  4 adders
  An ooze (D:4)
  An adder skeleton (D:5)
  An adder zombie (D:5)
  3 worms
  2 dart slugs
  3 leopard geckos
  5 orcs
  4 ball pythons
  3 giant cockroaches
  7 goblins
  7 hobgoblins
  15 jackals
  6 kobolds
  A quokka (D:3)
  9 bats
  5 frilled lizards
  A leopard gecko skeleton (D:4)
  A quokka zombie (D:6)
  9 rats
122 creatures vanquished.

Vanquished Creatures (collateral kills)
  2 adders (D:3)
2 creatures vanquished.

Vanquished Creatures (others)
  A quokka (D:6)
1 creature vanquished.

Grand Total: 125 creatures vanquished

Notes
Turn   | Place    | Note
-------+----------+-------------------------------------------
     0 | D:1      | pokeman the Deep Elf Wizard began the quest for the Orb.
     0 | D:1      | Reached XP level 1. HP: 10/10 MP: 7/7
   213 | D:1      | Reached XP level 2. HP: 16/16 MP: 2/9
   715 | D:1      | Reached skill level 5 in Spellcasting
   971 | D:2      | Found a shimmering altar of Xom.
   985 | D:2      | Noticed a scorpion
  1057 | D:2      | Reached XP level 3. HP: 18/20 MP: 6/11
  1062 | D:2      | Learned a level 3 spell: Mephitic Cloud
  1065 | D:2      | Learned a level 2 spell: Call Imp
  1068 | D:2      | Learned a level 2 spell: Blink
  1072 | D:2      | Learned a level 3 spell: Conjure Flame
  1520 | D:2      | Reached skill level 1 in Armour
  1588 | D:2      | Killed a scorpion
  1588 | D:2      | Reached skill level 1 in Fighting
  1588 | D:2      | Reached XP level 4. HP: 6/25 MP: 2/13
  1837 | D:2      | Reached skill level 1 in Poison Magic
  1839 | D:2      | Reached XP level 5. HP: 23/29 MP: 4/15
  2432 | D:3      | Reached skill level 6 in Spellcasting
  2737 | D:3      | Noticed Jessica
  2741 | D:3      | Killed Jessica
  2741 | D:3      | Reached skill level 1 in Air Magic
  2816 | D:3      | Found a runed translucent door.
  2818 | D:3      | Noticed Fractals's ghost (amateur KoEE)
  2923 | D:3      | Noticed Natasha
  2970 | D:3      | Killed Natasha
  3001 | D:3      | Found a snail-covered altar of Cheibriados.
  3008 | D:3      | Reached skill level 1 in Fire Magic
  3065 | D:3      | Noticed Natasha
  3074 | D:3      | Killed Natasha
  3162 | D:3      | Found a shattered altar of Ashenzari.
  3177 | D:3      | Found a shadowy altar of Dithmenos.
  3186 | D:3      | Found a glowing silver altar of Zin.
  3275 | D:3      | Noticed Ijyb
  3296 | D:3      | Killed Ijyb
  3296 | D:3      | Reached XP level 6. HP: 34/34 MP: 10/17
  3537 | D:3      | Noticed Natasha
  3546 | D:3      | Killed Natasha
  3661 | D:3      | Killed Fractals's ghost
  3661 | D:3      | Reached skill level 1 in Shields
  3661 | D:3      | Reached skill level 7 in Spellcasting
  3823 | D:4      | Found Jaups's Book Shop.
  3851 | D:4      | Found a radiant altar of Vehumet.
  3856 | D:4      | Became a worshipper of Vehumet
  3903 | D:4      | Found a transporter.
  3904 | D:4      | Noticed hellfireifrit's ghost (amateur DrBe)
  3905 | D:4      | Found a transporter.
  3928 | D:4      | Reached XP level 7. HP: 25/38 MP: 10/19
  4740 | D:4      | Reached skill level 5 in Conjurations
  4763 | D:4      | Killed hellfireifrit's ghost
  4763 | D:4      | Reached skill level 8 in Spellcasting
  4877 | D:4      | Reached XP level 8. HP: 29/43 MP: 4/22
  4998 | D:5      | Entered Level 5 of the Dungeon
  5556 | D:5      | Found Byosa's Assorted Antiques.
  5567 | D:5      | Reached skill level 9 in Spellcasting
  5573 | D:5      | Reached * piety under Vehumet
  5573 | D:5      | Offered knowledge of Freeze by Vehumet.
  5660 | D:5      | Found a staircase to the Ecumenical Temple.
  6187 | D:6      | Found a white marble altar of Elyvilon.
  6300 | D:6      | Found a blossoming altar of Fedhas.
  6304 | D:6      | Found a stormy altar of Qazlal.
  6393 | D:6      | Found Paujity's Weapon Emporium.
  6719 | D:6      | You fall into a shaft and drop 3 floors!
  6736 | D:9      | Noticed a cyclops
  6759 | D:9      | Noticed a death yak
  6760 | D:9      | HP: 1/44 [electric eel/bolt of electricity (8)]
  6795 | D:8      | HP: 2/44 [crimson imp (2)]
  6797 | D:8      | Slain by a crimson imp

Illustrated notes

Levels and vault maps discovered:
D:1:      dpeg_arrival_erosion, layout_rooms
D:2:      cheibrodos_helix_gallery, layout_basic, overflow_temple_1_default
D:3:      layout_loops_cross, chequers_temple_overflow_statue_of_worship,
          cheibriados_altar_1, first_ration, ebering_ghost_sewer_d,
          uniq_jessica, uniq_natasha, uniq_ijyb
D:4:      layout_loops_ring, kennysheep_little_box, gammafunk_ghost_smash,
          serial_shops, nicolae_shop_crystal, hex_medium
D:5:      layout_loops_cross, minmay_temple_entry_butterflies, serial_shops,
          nicolae_shop_overgrown_old_shop, kennysheep_generic_room_5
D:6:      layout_rooms, grunt_temple_overflow_forces_of_nature,
          elyvilon_altar_4, serial_shops, nicolae_shop_trees, grunt_tough_drop
D:8:      layout_loops_ring, lemuel_round_altar, nicolae_overflow_hidden_temple,
          lair_entry_dummy
D:9:      minmay_curly_fans, layout_gridville, nicolae_ru_path_of_blood,
          yredelemnul_forgotten_temple_becter, serial_ice, serial_ice_i,
          serial_ice_f, serial_ice_d, serial_ice_o, serial_ice_n,
          lightli_wizard_tower

Skill      XL: |  1  2  3  4  5  6  7  8 |
---------------+-------------------------+-----
Spellcasting   | 5 6 7 8 9 |  9.6
Armour         | 1 |  1.4
Fighting       | 1 2 |  2.0
Conjurations   | 2 3 4 5 6 |  6.9
Poison Magic   | 1 |  1.1
Air Magic      | 1 |  1.0
Fire Magic     | 1 2 3 4 |  4.2
Shields        | 1 2 |  2.1
Dodging        | |  2.4
Stealth        | |  2.4
Summonings     | |  1.1
Translocations | |  1.1

Action                   |  1- 3 |  4- 6 |  7- 9 || total
-------------------------+-------+-------+-------++-------
Melee: Unarmed           |     1 |     3 |       ||     4
       Dire flail        |       |       |     4 ||     4
 Cast: Magic Dart        |    93 |   117 |   156 ||   366
       Conjure Flame     |     1 |     3 |     8 ||    12
       Mephitic Cloud    |     1 |     2 |     7 ||    10
       Call Imp          |       |     3 |     5 ||     8
 Stab: Confused          |       |     1 |       ||     1
  Eat: Chunk             |     2 |     7 |     9 ||    18
Armor: Robe              |     2 |       |       ||     2
       Leather armour    |     1 |     8 |    13 ||    22
Dodge: Dodged            |     9 |    16 |    29 ||    54
